Map: Cosmic Sapphire

Players

PappiJoe

  • Race: Protoss Protoss
  • Spawn Location: 11:00

Creator - Winner!

  • Race: Protoss Protoss
  • Spawn Location: 5:00

Event: DreamHack SC2 Masters 2022 Atlanta (Offline)

VOD

Have the link to the VOD?

Description

Time

  • Played on: Nov. 18, 2022, 10:40 a.m.
  • Length: 5:00

All games in this series

Show
View Real Time Build Order
Export as new Build Order

PappiJoe Protoss 

Build Orders:  

Get SALT Encoding   

  12  0:00  Probe  
  13  0:12  Probe  
  14  0:17  Pylon  
  14  0:24  Probe (Chrono Boost)  
  15  0:37  Gateway, Probe (Chrono Boost)  
  16  0:44  Probe (Chrono Boost)  
  16  0:46  Assimilator  
  17  0:51  Probe  
  17  0:54  Assimilator  
  18  1:03  Probe (Chrono Boost)  
  19  1:07  Gateway  
  19  1:13  Probe (Chrono Boost)  
  19  1:18  Probe (Chrono Boost)  
  20  1:24  Cybernetics Core  
  21  1:30  Probe  
  22  1:38  Pylon  
  22  1:42  Probe  
  23  2:01  Robotics Facility  
  23  2:03  Stalker  
  25  2:09  Stalker  
  25  2:13  Warp Gate  
  27  2:20  Pylon  
  27  2:33  Stalker  
  29  2:39  Stalker  
  30  2:49  Immortal (Chrono Boost)  
  34  3:05  Gateway  
  34  3:18  Warp Prism (Chrono Boost)  
  34  3:26  Pylon  
  36  3:47  Immortal (Chrono Boost)  
  40  4:02  Sentry x2  
  42  4:04  Stalker, Pylon  
  46  4:16  Pylon  
  50  4:49  Pylon  
Show
View Real Time Build Order
Export as new Build Order

Creator Protoss - Winner!

Build Orders: Phoenix Opening 

Get SALT Encoding   

  12  0:00  Probe  
  13  0:12  Probe  
  14  0:17  Pylon  
  14  0:24  Probe (Chrono Boost)  
  15  0:36  Gateway, Probe (Chrono Boost)  
  16  0:43  Probe (Chrono Boost)  
  16  0:47  Assimilator  
  17  0:51  Probe  
  18  0:59  Assimilator  
  18  1:03  Probe (Chrono Boost)  
  19  1:08  Gateway  
  19  1:13  Probe (Chrono Boost)  
  19  1:18  Probe (Chrono Boost)  
  20  1:24  Cybernetics Core  
  21  1:29  Probe  
  22  1:36  Pylon  
  22  1:41  Probe  
  23  1:54  Probe  
  24  2:01  Stalker  
  24  2:02  Warp Gate, Stalker  
  28  2:12  Pylon  
  28  2:25  Shield Battery  
  28  2:30  Probe  
  28  2:34  Sentry x2  
  33  2:52  Nexus  
  33  2:55  Shield Battery  
  33  3:03  Sentry, Stalker  
  36  3:14  Phoenix  
  36  3:18  Robotics Facility  
  36  3:20  Shield Battery  
  36  3:22  Probe  
  36  3:32  Pylon  
  36  3:34  Probe  
  37  3:52  Stalker x2  
  37  3:53  Shield Battery  
  41  4:04  Immortal (Chrono Boost)  
  45  4:17  Adept  
  47  4:32  Zealot  
  53  4:43  Stalker  
  56  4:45  Probe  
  56  4:56  Zealot  
Tags
 
Add a new tag
Caveats
  • Supply blocks, unpowered buildings, or Contaminate may cause inaccurate times.
  • Supply counts are checked every 10 seconds.